[Event "32nd GER-ch Seniors-65 2020"]
[Site "Magdeburg"]
[Date "2020.08.17"]
[Round "4.9"]
[White "Harringer, Manfred"]
[Black "Krauseneck, Peter"]
[Result "1/2-1/2"]
[ECO "C00"]
[WhiteElo "2008"]
[BlackElo "2120"]
[Annotator "ChessBase"]
[PlyCount "205"]
[EventDate "2020.08.14"]
[EventType "swiss"]
[EventCountry "GER"]
[SourceTitle "playchess.com"]
[Source "ChessBase"]
[SourceQuality "1"]
[TimeControl "40/5400+30:1800+30"]

1. e4 e6 2. d4 b6 3. Nc3 Bb7 4. Bd3 Bb4 5. Nge2 d5 6. O-O dxe4 7. Bxe4 c6 8. a3 Be7 9. Bf4 Nf6 10. Bf3 O-O 11. Re1 Nbd7 12. Ng3 Nd5 13. Nxd5 cxd5 14. Be2 Rc8 15. Bd3 Nf6 16. c3 Qd7 17. Re3 g6 18. h4 h5 19. Bg5 Ng4 20. Re2 Kg7 21. Qd2 Rh8 22. Rae1 Bd6 23. Bf4 Rce8 24. Bxd6 Qxd6 25. Qg5 Qd8 26. f3 Nf6 27. Re3 Qd6 28. Ne2 Nh7 29. Qf4 Qxf4 30. Nxf4 Nf6 31. Kf2 Bc6 32. R3e2 a5 33. Rd2 Rb8 34. Bf1 Rhc8 35. Ba6 Re8 36. Bf1 Ba4 37. Nd3 Rec8 38. Ne5 b5 39. Ra1 Bb3 40. Bd3 Rc7 41. Ke3 Ne8 42. Bc2 Bxc2 43. Rxc2 Nd6 44. Nd3 Nf5+ 45. Kd2 Nxh4 46. Nc5 Ra7 47. Kd3 a4 48. g4 Rh8 49. Ke3 Re7 50. Kf4 f6 51. Re1 g5+ 52. Kg3 hxg4 53. Kxg4 f5+ 54. Kg3 Kf6 55. Rce2 Rhe8 56. Nd3 f4+ 57. Kf2 Nf5 58. Ne5 Ne3 59. Rh1 Rg7 60. Rh6+ Ke7 61. Ke1 Nf5 62. Rh3 Nh4 63. Nd3 Rf8 64. Ne5 Rh8 65. Kd1 Rgh7 66. Reh2 Kf6 67. Ng4+ Kg7 68. Re2 Re8 69. Re5 Kg6 70. Re2 Ree7 71. Ne5+ Kf5 72. Reh2 Rh8 73. Rh1 Reh7 74. Ke2 Re8 75. Kd1 Rhh8 76. Ke2 Ng6 77. Nf7 Rxh3 78. Rxh3 Kf6 79. Nd6 Rd8 80. Nb7 Rb8 81. Rh7 e5 82. Nc5 Re8 83. Nd7+ Kf5 84. Rf7+ Ke6 85. Rg7 exd4 86. cxd4 Ne7 87. Ne5 Rg8 88. Rh7 Nf5 89. Kd3 Rg7 90. Rh8 Nd6 91. Rh6+ Ke7 92. Nc6+ Kd7 93. Nb4 Nc4 94. Rh2 Ne3 95. Rh6 Kc7 96. Na6+ Kd8 97. Nc5 Ke7 98. Rb6 g4 99. Rb7+ Kf6 100. Rxg7 Kxg7 101. fxg4 Nxg4 102. Ne6+ Kf7 103. Nxf4 1/2-1/2

[Event "32nd GER-ch Seniors-65 2020"]
[Site "Magdeburg"]
[Date "2020.08.17"]
[Round "4.10"]
[White "Buchal, Stephan"]
[Black "Hilbig, Dieter"]
[Result "1/2-1/2"]
[ECO "A14"]
[WhiteElo "2280"]
[BlackElo "1884"]
[Annotator "ChessBase"]
[PlyCount "62"]
[EventDate "2020.08.14"]
[EventType "swiss"]
[EventCountry "GER"]
[SourceTitle "playchess.com"]
[Source "ChessBase"]
[SourceQuality "1"]
[TimeControl "40/5400+30:1800+30"]

1. c4 e6 2. g3 d5 3. Bg2 Nf6 4. Nf3 Be7 5. O-O O-O 6. b3 b6 7. Bb2 Bb7 8. e3 c5 9. Nc3 dxc4 10. bxc4 Ne4 11. Qc2 Nxc3 12. Bxc3 Nc6 13. Rfd1 Qc7 14. Qb2 f6 15. d4 Rad8 16. Rac1 Rfe8 17. d5 exd5 18. cxd5 Nb8 19. e4 Bd6 20. Nd2 Be5 21. f4 Bxc3 22. Qxc3 Bc8 23. Re1 g5 24. fxg5 fxg5 25. Nf3 h6 26. Nd2 Nd7 27. Rf1 Ne5 28. Rf2 Ng4 29. Rf3 Ne5 30. Rf2 Ng4 31. Rf3 Ne5 1/2-1/2

[Event "32nd GER-ch Seniors-65 2020"]
[Site "Magdeburg"]
[Date "2020.08.18"]
[Round "5.6"]
[White "Strobel, Walter"]
[Black "Cichy, Michael"]
[Result "1-0"]
[ECO "B48"]
[WhiteElo "2150"]
[BlackElo "2038"]
[Annotator "ChessBase"]
[PlyCount "93"]
[EventDate "2020.08.14"]
[EventType "swiss"]
[EventCountry "GER"]
[SourceTitle "playchess.com"]
[Source "ChessBase"]
[SourceQuality "1"]
[TimeControl "40/5400+30:1800+30"]

1. e4 c5 2. Nf3 e6 3. d4 cxd4 4. Nxd4 Nc6 5. Nc3 Qc7 6. Be3 a6 7. a3 b5 8. Nxc6 dxc6 9. f4 Bb7 10. g3 c5 11. Bg2 Nf6 12. Qe2 Rd8 13. O-O Be7 14. f5 e5 15. Rad1 O-O 16. g4 b4 17. Nd5 Bxd5 18. exd5 h6 19. h4 Nh7 20. Qe1 bxa3 21. bxa3 c4 22. Qg3 f6 23. Rb1 Bc5 24. Kh1 Bxe3 25. Qxe3 Rd6 26. Rb4 a5 27. Rb5 Rc8 28. Rfb1 Nf8 29. Qc3 Ra8 30. Bf1 Qa7 31. Kg2 h5 32. g5 Qd7 33. Qf3 fxg5 34. hxg5 e4 35. Qxe4 Re8 36. Qf4 Rc8 37. Rb7 Qd8 38. Kh2 Nh7 39. f6 Nxf6 40. gxf6 Rxf6 41. Qg3 Qf8 42. Rb8 Kh7 43. Rxc8 Qxc8 44. Bh3 Qc5 45. Rb7 Qf8 46. Bg2 Kh6 47. Rb8 1-0

[Event "32nd GER-ch Seniors-65 2020"]
[Site "Magdeburg"]
[Date "2020.08.18"]
[Round "5.8"]
[White "Kannenberg, Karl-Heinz"]
[Black "Braeunlin, Herbert"]
[Result "1/2-1/2"]
[ECO "D00"]
[WhiteElo "2128"]
[BlackElo "2031"]
[Annotator "ChessBase"]
[PlyCount "138"]
[EventDate "2020.08.14"]
[EventType "swiss"]
[EventCountry "GER"]
[SourceTitle "playchess.com"]
[Source "ChessBase"]
[SourceQuality "1"]
[TimeControl "40/5400+30:1800+30"]

1. d4 d5 2. Bf4 e6 3. e3 Bd6 4. Bg3 f5 5. c4 c6 6. Nd2 Nf6 7. Ngf3 O-O 8. Be2 b6 9. Ne5 Bb7 10. O-O Qe7 11. Rc1 Bxe5 12. Bxe5 Nbd7 13. Nf3 Nxe5 14. Nxe5 Nd7 15. Nxd7 Qxd7 16. f4 Qe7 17. c5 Kh8 18. a4 Rg8 19. b4 g5 20. Rf2 Rac8 21. Bf1 Rg7 22. Rfc2 gxf4 23. exf4 Qh4 24. Qd2 Rgc7 25. Qe3 Qe7 26. Re1 Re8 27. Qe5+ Qg7 28. Qe3 Bc8 29. Rec1 Bd7 30. Ba6 Bc8 31. cxb6 axb6 32. Bb5 Rg8 33. Qe5 Qxe5 34. dxe5 Bd7 35. Bxc6 Rgc8 36. b5 Kg7 37. Kf2 Kf7 38. Rc3 Bxc6 39. bxc6 Ra8 40. Rb1 Ra6 41. Rb4 Ke7 42. Ke2 Kd8 43. Kf3 Kc8 44. h3 h5 45. g4 hxg4+ 46. hxg4 fxg4+ 47. Kxg4 Rg7+ 48. Kf3 Kc7 49. Rcb3 Kxc6 50. a5 Rb7 51. f5 exf5 52. Kf4 Rxa5 53. Kxf5 Rc5 54. Rh4 Rc4 55. Rh6+ Kc5 56. e6 Re4 57. Rc3+ Kd4 58. Rhh3 Re5+ 59. Kf6 Re1 60. e7 Rf1+ 61. Rhf3 Rxf3+ 62. Rxf3 Rxe7 63. Kxe7 Ke4 64. Rf8 d4 65. Kd6 d3 66. Kc6 d2 67. Rd8 Ke3 68. Kb5 Ke2 69. Re8+ Kf2 1/2-1/2

[Event "32nd GER-ch Seniors-65 2020"]
[Site "Magdeburg"]
[Date "2020.08.19"]
[Round "6.1"]
[White "Dresen, Ulrich"]
[Black "Andersen, Knut"]
[Result "1-0"]
[WhiteElo "2230"]
[BlackElo "2047"]
[Annotator "ChessBase"]
[PlyCount "109"]
[EventDate "2020.08.14"]
[EventType "swiss"]
[EventCountry "GER"]
[SourceTitle "playchess.com"]
[Source "ChessBase"]
[SourceQuality "1"]
[TimeControl "40/5400+30:1800+30"]

1. d4 Nf6 2. Nf3 e6 3. Bf4 c5 4. e3 Nc6 5. c3 d5 6. Nbd2 cxd4 7. exd4 Bd6 8. Bg3 O-O 9. Bb5 Qc7 10. O-O Bd7 11. Re1 Bxg3 12. hxg3 Rfe8 13. Qe2 g6 14. Rad1 a6 15. Bxc6 Bxc6 16. Ne5 Nd7 17. Qf3 Nxe5 18. Rxe5 Kg7 19. Rde1 Qd6 20. Qg4 Bd7 21. f4 f6 22. R5e3 h5 23. Qh4 b5 24. Nf3 Rf8 25. Nd2 a5 26. Nb3 Rae8 27. Nc5 Bc8 28. b4 axb4 29. cxb4 Re7 30. Rf1 Ra7 31. Rf2 Rff7 32. Rfe2 Rfe7 33. Kf2 Kh6 34. Qxf6 Rf7 35. Qg5+ Kh7 36. Kg1 Rf5 37. Qh4 Qf8 38. Kh2 Qg7 39. Qd8 Rf8 40. Qb6 Raf7 41. Rxe6 h4 42. gxh4 Rxf4 43. Re7 Rxh4+ 44. Kg1 Rf7 45. Rxf7 Qxf7 46. Qd8 Qf4 47. Re7+ Kh6 48. Qh8+ Kg5 49. Qe5+ Qxe5 50. Rxe5+ Bf5 51. Rxd5 Kf6 52. g3 Rh8 53. Rd6+ Ke7 54. Rb6 Rd8 55. Rxb5 1-0

[Event "32nd GER-ch Seniors-65 2020"]
[Site "Magdeburg"]
[Date "2020.08.19"]
[Round "6.2"]
[White "Kierzek, Matthias"]
[Black "Schulz, Michael"]
[Result "1-0"]
[WhiteElo "2228"]
[BlackElo "2132"]
[Annotator "ChessBase"]
[PlyCount "112"]
[EventDate "2020.08.14"]
[EventType "swiss"]
[EventCountry "GER"]
[SourceTitle "playchess.com"]
[Source "ChessBase"]
[SourceQuality "1"]
[TimeControl "40/5400+30:1800+30"]

1. d4 Nf6 2. c4 c5 3. d5 e6 4. Nc3 exd5 5. cxd5 d6 6. Nf3 g6 7. Bf4 Bg7 8. Qa4+ Bd7 9. Qb3 b5 10. Bxd6 Qb6 11. Be5 c4 12. Qd1 O-O 13. e3 b4 14. Nb1 Rc8 15. Be2 Bf5 16. Nfd2 Nbd7 17. Bd4 Qa5 18. Nxc4 Qxd5 19. Nbd2 Nc5 20. O-O Rab8 21. Nb3 Na4 22. Bxa7 Ra8 23. Qxd5 Nxd5 24. Bd4 Bxd4 25. Nxd4 Be6 26. Nxe6 fxe6 27. a3 Rab8 28. Bg4 Nc5 29. axb4 Rxb4 30. Rfc1 h5 31. Nd6 Rc7 32. Bf3 Rxb2 33. h4 Kf8 34. Nc4 Nb3 35. Nxb2 Rxc1+ 36. Rxc1 Nxc1 37. Be4 Kg7 38. Nd3 Nxd3 39. Bxd3 Kf6 40. Bc4 Ne7 41. g3 e5 42. f3 Nf5 43. Kf2 Nd6 44. Bd3 Nb7 45. f4 exf4 46. gxf4 Nc5 47. Bc2 Ne6 48. Kf3 Nd8 49. e4 Nc6 50. Ba4 Ne7 51. Bd7 Ng8 52. Ke3 Ke7 53. Bh3 Kf6 54. Kd4 Ne7 55. Kc5 Kf7 56. Kd6 g5 1-0

[Event "32nd GER-ch Seniors-65 2020"]
[Site "Magdeburg"]
[Date "2020.08.19"]
[Round "6.3"]
[White "Harringer, Manfred"]
[Black "Khanukov, Boris"]
[Result "1/2-1/2"]
[WhiteElo "2008"]
[BlackElo "2291"]
[Annotator "ChessBase"]
[PlyCount "100"]
[EventDate "2020.08.14"]
[EventType "swiss"]
[EventCountry "GER"]
[SourceTitle "playchess.com"]
[Source "ChessBase"]
[SourceQuality "1"]
[TimeControl "40/5400+30:1800+30"]

1. e4 g6 2. d4 Bg7 3. Nc3 c6 4. Nf3 d5 5. exd5 cxd5 6. Bb5+ Nc6 7. O-O a6 8. Bxc6+ bxc6 9. Na4 Bg4 10. c3 Nf6 11. h3 Bxf3 12. Qxf3 O-O 13. Nc5 Nd7 14. Nd3 Re8 15. Qg4 e6 16. Re1 a5 17. Bf4 Qe7 18. Qg3 a4 19. Bd6 Qd8 20. Re2 Qc8 21. Rae1 Nf6 22. Nc5 Nd7 23. Nd3 Ra5 24. f4 Kh8 25. Be5 Rg8 26. Bxg7+ Rxg7 27. Qh4 Qf8 28. Ne5 Nxe5 29. fxe5 c5 30. b4 axb3 31. axb3 g5 32. Qg4 cxd4 33. cxd4 Rb5 34. Re3 Qb8 35. Qd1 Qb6 36. Rf1 Rb4 37. Rd3 Qd8 38. Qh5 Kg8 39. Rc1 Rg6 40. Qd1 Rb7 41. Qc2 g4 42. Qc6 Rb8 43. Qc7 gxh3 44. Qxd8+ Rxd8 45. Rxh3 Rg4 46. Rd1 Rc8 47. Rhd3 Kf8 48. Rf1 Ke8 49. Rf2 Re4 50. Rdf3 Rc7 1/2-1/2

[Event "32nd GER-ch Seniors-65 2020"]
[Site "Magdeburg"]
[Date "2020.08.19"]
[Round "6.5"]
[White "Syre, Christian"]
[Black "Krauseneck, Peter"]
[Result "0-1"]
[WhiteElo "2222"]
[BlackElo "2120"]
[Annotator "ChessBase"]
[PlyCount "105"]
[EventDate "2020.08.14"]
[EventType "swiss"]
[EventCountry "GER"]
[SourceTitle "playchess.com"]
[Source "ChessBase"]
[SourceQuality "1"]
[TimeControl "40/5400+30:1800+30"]

1. Nf3 f5 2. g3 Nf6 3. Bg2 e6 4. c4 c6 5. O-O Be7 6. Nc3 O-O 7. Qc2 d5 8. d4 Ne4 9. Rb1 Nd7 10. b4 a6 11. Bf4 g5 12. Be5 g4 13. Ne1 Nxe5 14. dxe5 Ng5 15. cxd5 exd5 16. Nd3 Ne6 17. f4 gxf3 18. exf3 f4 19. Qf2 Kh8 20. Na4 Bg5 21. Kh1 Qe8 22. Nb6 Rb8 23. Nxc8 Rxc8 24. Bh3 Rc7 25. Bxe6 Qxe6 26. g4 h5 27. Rg1 Rh7 28. Rb2 hxg4 29. Rxg4 Qf5 30. Qd4 Rh5 31. Rbg2 Kh7 32. e6 Bf6 33. Qxf4 Qxd3 34. Qc7+ Kh8 35. Rg8+ Rxg8 36. Rxg8+ Kxg8 37. Qf7+ Kh8 38. Qxh5+ Qh7 39. Qe8+ Qg8 40. Qh5+ Kg7 41. Qg4+ Kf8 42. e7+ Bxe7 43. Qc8+ Kf7 44. Qf5+ Ke8 45. Qc8+ Bd8 46. Qxb7 Qe6 47. Qxa6 Bc7 48. Kg2 Kd7 49. Qd3 Qe5 50. a3 Qxh2+ 51. Kf1 Qh3+ 52. Ke2 Bb6 53. Kd1 0-1

[Event "32nd GER-ch Seniors-65 2020"]
[Site "Magdeburg"]
[Date "2020.08.20"]
[Round "7.2"]
[White "Krauseneck, Peter"]
[Black "Andersen, Knut"]
[Result "1-0"]
[ECO "A45"]
[WhiteElo "2120"]
[BlackElo "2047"]
[Annotator "ChessBase"]
[PlyCount "134"]
[EventDate "2020.08.14"]
[EventType "swiss"]
[EventCountry "GER"]
[SourceTitle "playchess.com"]
[Source "ChessBase"]
[SourceQuality "1"]
[TimeControl "40/5400+30:1800+30"]

1. d4 Nf6 2. e3 e6 3. f4 b6 4. Nf3 Bb7 5. Bd3 Be7 6. O-O O-O 7. Nbd2 d5 8. Qe1 Nbd7 9. Ne5 Ne4 10. Nxe4 dxe4 11. Bb5 Nf6 12. Bd2 Qd6 13. a3 a5 14. c4 c6 15. Ba4 Ne8 16. b4 axb4 17. axb4 f6 18. Ng4 Nc7 19. Qb1 Ra7 20. c5 bxc5 21. bxc5 Qd8 22. Qb6 Nb5 23. Bxb5 Rxa1 24. Rxa1 Qxb6 25. cxb6 cxb5 26. Ra7 Rb8 27. Nf2 Bd8 28. Ba5 f5 29. Nd1 Bd5 30. Ra6 Kf7 31. Kf2 Ke8 32. Ke1 Kd7 33. Nc3 Bb7 34. Ra7 Kc6 35. Bb4 Bxb6 36. Ra1 Ra8 37. Rc1 Ba5 38. Bxa5 Rxa5 39. Nxe4+ Kb6 40. Nc5 Bd5 41. Nd7+ Ka6 42. Nc5+ Ka7 43. g3 Ra2 44. Nd3 Rxh2 45. Rc7+ Kb6 46. Rxg7 h5 47. Rh7 Bc4 48. Nf2 b4 49. Rh8 Kb5 50. Rb8+ Ka4 51. Ra8+ Kb3 52. Rh8 Kc3 53. Rc8 Rg2 54. Nd1+ Kd3 55. Kf1 Rc2 56. Ke1 b3 57. Rb8 Re2+ 58. Kf1 Kd2 59. Nb2 Re1+ 60. Kf2 Bd5 61. Rh8 Re2+ 62. Kf1 Rxe3 63. Rxh5 Rf3+ 64. Kg2 Kc2 65. Na4 Rd3+ 66. Kf2 Rxd4 67. Nb6 b2 1-0

[Event "32nd GER-ch Seniors-65 2020"]
[Site "Magdeburg"]
[Date "2020.08.20"]
[Round "7.6"]
[White "Postler, Reinhard"]
[Black "Blosze, Winfried"]
[Result "1-0"]
[ECO "C96"]
[WhiteElo "2238"]
[BlackElo "1820"]
[Annotator "ChessBase"]
[PlyCount "107"]
[EventDate "2020.08.14"]
[EventType "swiss"]
[EventCountry "GER"]
[SourceTitle "playchess.com"]
[Source "ChessBase"]
[SourceQuality "1"]
[TimeControl "40/5400+30:1800+30"]

1. e4 e5 2. Nf3 Nc6 3. Bb5 a6 4. Ba4 Nf6 5. O-O b5 6. Bb3 Be7 7. Re1 O-O 8. h3 d6 9. c3 Na5 10. Bc2 Nc4 11. d4 exd4 12. cxd4 Bb7 13. b3 Nb6 14. Nbd2 Re8 15. Bb2 g6 16. Rc1 Bf8 17. Bb1 Rc8 18. e5 Nh5 19. Be4 d5 20. Bb1 Ng7 21. Nf1 Ne6 22. Bc3 b4 23. Bd2 c5 24. Be3 c4 25. N3h2 a5 26. Ng4 Nd7 27. f4 f5 28. exf6 Nxf6 29. f5 gxf5 30. Bxf5 Ne4 31. Ne5 Qh4 32. g3 Qe7 33. bxc4 Qg7 34. c5 Nxg3 35. Nxg3 Qxg3+ 36. Kh1 Ng7 37. Bxc8 Bxc8 38. Qf3 Qxf3+ 39. Nxf3 Bxh3 40. Bf4 Rc8 41. Be5 Rc6 42. Kh2 Bf5 43. Kg3 Be4 44. Kf2 Nf5 45. Rg1+ Kf7 46. Ng5+ Ke8 47. Nxe4 dxe4 48. Rce1 e3+ 49. Kf3 Rh6 50. Ke4 Ne7 51. Rxe3 Rh4+ 52. Kd3 Kd7 53. Kc4 Kc6 54. Bf6 1-0

[Event "32nd GER-ch Seniors-65 2020"]
[Site "Magdeburg"]
[Date "2020.08.20"]
[Round "7.7"]
[White "Lehmann, Joachim"]
[Black "Strobel, Walter"]
[Result "0-1"]
[ECO "D00"]
[WhiteElo "1797"]
[BlackElo "2150"]
[Annotator "ChessBase"]
[PlyCount "82"]
[EventDate "2020.08.14"]
[EventType "swiss"]
[EventCountry "GER"]
[SourceTitle "playchess.com"]
[Source "ChessBase"]
[SourceQuality "1"]
[TimeControl "40/5400+30:1800+30"]

1. d4 d5 2. Nc3 c6 3. Bf4 Nf6 4. e3 Bf5 5. f3 e6 6. g4 Bg6 7. h4 h6 8. Bd3 Bxd3 9. Qxd3 Nbd7 10. Nge2 Nb6 11. O-O-O Nc4 12. Rdg1 Qa5 13. Kb1 Be7 14. Nc1 Nd7 15. Nb3 Qa6 16. g5 h5 17. e4 O-O-O 18. exd5 cxd5 19. Re1 g6 20. Nd2 Ndb6 21. Nxc4 Nxc4 22. Ka1 Bb4 23. Re2 Qa5 24. Nd1 Bd6 25. Bxd6 Rxd6 26. Qc3 Qxc3 27. Nxc3 Rb6 28. b3 Nd6 29. Na4 Rc6 30. Nc5 Nf5 31. c3 Ng3 32. Rhe1 Nxe2 33. Rxe2 b6 34. Na4 Kd7 35. Kb2 Rf8 36. Rg2 Kd6 37. Ka3 e5 38. Kb2 Re8 39. Rd2 e4 40. fxe4 Rxe4 41. Rh2 Rc7 0-1

[Event "32nd GER-ch Seniors-65 2020"]
[Site "Magdeburg"]
[Date "2020.08.20"]
[Round "7.9"]
[White "Pichler, Manfred"]
[Black "Rosen, Willy"]
[Result "0-1"]
[ECO "B20"]
[WhiteElo "1984"]
[BlackElo "2165"]
[Annotator "ChessBase"]
[PlyCount "70"]
[EventDate "2020.08.14"]
[EventType "swiss"]
[EventCountry "GER"]
[SourceTitle "playchess.com"]
[Source "ChessBase"]
[SourceQuality "1"]
[TimeControl "40/5400+30:1800+30"]

1. e4 c5 2. b3 e5 3. Bb2 Nc6 4. Bc4 d6 5. Nc3 Nf6 6. d3 a6 7. a4 g6 8. Nge2 Bg7 9. O-O O-O 10. f4 Ng4 11. Nd5 Ne7 12. Nec3 exf4 13. Nxe7+ Qxe7 14. Qc1 Bd4+ 15. Kh1 Nxh2 16. Qxf4 Nxf1 17. Nd5 Qe5 18. Bxd4 cxd4 19. Qxf1 Be6 20. Nb6 Rad8 21. Qf2 Bxc4 22. Nxc4 Qh5+ 23. Kg1 d5 24. Nd2 dxe4 25. Nxe4 f5 26. Nc5 Rfe8 27. Nxb7 Re2 28. Qg3 Rde8 29. Nd6 R8e3 30. Qf4 Qg4 31. Qxg4 fxg4 32. Nc4 Rg3 33. b4 Rgxg2+ 34. Kf1 Ref2+ 35. Ke1 g3 0-1

[Event "32nd GER-ch Seniors-65 2020"]
[Site "Magdeburg"]
[Date "2020.08.20"]
[Round "7.10"]
[White "Knaak, Joachim"]
[Black "Walther, Reinhard"]
[Result "1/2-1/2"]
[ECO "D18"]
[WhiteElo "2144"]
[BlackElo "2027"]
[Annotator "ChessBase"]
[PlyCount "95"]
[EventDate "2020.08.14"]
[EventType "swiss"]
[EventCountry "GER"]
[SourceTitle "playchess.com"]
[Source "ChessBase"]
[SourceQuality "1"]
[TimeControl "40/5400+30:1800+30"]

1. d4 d5 2. c4 c6 3. Nc3 Nf6 4. Nf3 dxc4 5. a4 Bf5 6. e3 e6 7. Bxc4 Bb4 8. O-O Nbd7 9. Qe2 O-O 10. e4 Bg6 11. Bg5 h6 12. Bh4 Qa5 13. e5 Nd5 14. Nxd5 exd5 15. Bd3 Bxd3 16. Qxd3 Rae8 17. g4 Re6 18. g5 h5 19. Bg3 c5 20. Kh1 Qa6 21. Qxa6 Rxa6 22. Rfd1 c4 23. Nh4 g6 24. f4 Rc8 25. f5 Nf8 26. Be1 Bxe1 27. Rxe1 c3 28. bxc3 Rxc3 29. Reb1 Rh3 30. Ng2 gxf5 31. Nf4 Rc3 32. Nxd5 Rc4 33. Rxb7 Rxd4 34. Ne7+ Kh7 35. Nxf5 Rd7 36. Rb5 Ne6 37. h4 Nd4 38. Rd1 Rxa4 39. Nxd4 Raxd4 40. Rxd4 Rxd4 41. Rb7 Rxh4+ 42. Kg2 Kg6 43. Rxa7 Re4 44. Re7 Rg4+ 45. Kh3 Rxg5 46. Re8 Rf5 47. e6 f6 48. Rg8+ 1/2-1/2

[Event "32nd GER-ch Seniors-65 2020"]
[Site "Magdeburg"]
[Date "2020.08.21"]
[Round "8.2"]
[White "Postler, Reinhard"]
[Black "Dresen, Ulrich"]
[Result "0-1"]
[ECO "C88"]
[WhiteElo "2238"]
[BlackElo "2230"]
[Annotator "ChessBase"]
[PlyCount "58"]
[EventDate "2020.08.14"]
[EventType "swiss"]
[EventCountry "GER"]
[SourceTitle "playchess.com"]
[Source "ChessBase"]
[SourceQuality "1"]
[TimeControl "40/5400+30:1800+30"]

1. e4 e5 2. Nf3 Nc6 3. Bb5 a6 4. Ba4 Nf6 5. O-O Be7 6. Re1 b5 7. Bb3 d6 8. a3 O-O 9. d3 Be6 10. Nc3 Bxb3 11. cxb3 Nd4 12. Nxd4 exd4 13. Ne2 c5 14. Bg5 Nd7 15. Bxe7 Qxe7 16. Nf4 Nf6 17. h4 Qe5 18. g3 h5 19. Rc1 Rac8 20. Qf3 Rfe8 21. Kf1 g6 22. Re2 Re7 23. Rcc2 Kg7 24. Kg2 Rec7 25. Nd5 Nxd5 26. exd5 Qf5 27. Re4 Qxd5 28. Ree2 Qf5 29. Qe4 Qxe4+ 0-1

[Event "32nd GER-ch Seniors-65 2020"]
[Site "Magdeburg"]
[Date "2020.08.21"]
[Round "8.3"]
[White "Strobel, Walter"]
[Black "Waltenberger, Udo"]
[Result "1-0"]
[ECO "B36"]
[WhiteElo "2150"]
[BlackElo "2005"]
[Annotator "ChessBase"]
[PlyCount "54"]
[EventDate "2020.08.14"]
[EventType "swiss"]
[EventCountry "GER"]
[SourceTitle "playchess.com"]
[Source "ChessBase"]
[SourceQuality "1"]
[TimeControl "40/5400+30:1800+30"]

1. e4 c5 2. Nf3 Nc6 3. d4 cxd4 4. Nxd4 g6 5. c4 Nf6 6. Nc3 d6 7. f3 Nxd4 8. Qxd4 Bg7 9. Be3 O-O 10. Qd2 a5 11. b3 a4 12. b4 Be6 13. Rc1 Nd7 14. Be2 a3 15. O-O Nb6 16. Nd5 Na4 17. Bd4 Bxd4+ 18. Qxd4 Qd7 19. Qe3 Bxd5 20. exd5 b5 21. cxb5 Rfc8 22. Rc6 e6 23. dxe6 fxe6 24. Rfc1 d5 25. Qxa3 Rxc6 26. Rxc6 Kf7 27. Qc1 Qd8 1-0

[Event "32nd GER-ch Seniors-65 2020"]
[Site "Magdeburg"]
[Date "2020.08.21"]
[Round "8.8"]
[White "Boidman, Yuri"]
[Black "Vasiljev, Jurij"]
[Result "1-0"]
[ECO "B53"]
[WhiteElo "2328"]
[BlackElo "1968"]
[Annotator "ChessBase"]
[PlyCount "67"]
[EventDate "2020.08.14"]
[EventType "swiss"]
[EventCountry "GER"]
[SourceTitle "playchess.com"]
[Source "ChessBase"]
[SourceQuality "1"]
[TimeControl "40/5400+30:1800+30"]

1. e4 c5 2. Nf3 d6 3. d4 cxd4 4. Qxd4 Nc6 5. Bb5 Bd7 6. Bxc6 Bxc6 7. Nc3 Nf6 8. Bg5 e5 9. Qd3 h6 10. Bxf6 Qxf6 11. Nd5 Qd8 12. O-O-O Rc8 13. Kb1 Bxd5 14. Qxd5 Qc7 15. Qb5+ Qc6 16. Qxc6+ Rxc6 17. b3 Be7 18. Nd2 O-O 19. Nf1 Rfc8 20. c4 a6 21. Ne3 b5 22. cxb5 axb5 23. Rc1 Kf8 24. Rxc6 Rxc6 25. Rc1 Rxc1+ 26. Kxc1 Bg5 27. Kc2 Bxe3 28. fxe3 Ke7 29. Kc3 Kd7 30. Kb4 Kc6 31. a4 bxa4 32. bxa4 f5 33. exf5 d5 34. g4 1-0

[Event "32nd GER-ch Seniors-65 2020"]
[Site "Magdeburg"]
[Date "2020.08.21"]
[Round "8.9"]
[White "Brettschneider, Karl"]
[Black "Knaak, Joachim"]
[Result "0-1"]
[ECO "A22"]
[WhiteElo "2025"]
[BlackElo "2144"]
[Annotator "ChessBase"]
[PlyCount "44"]
[EventDate "2020.08.14"]
[EventType "swiss"]
[EventCountry "GER"]
[SourceTitle "playchess.com"]
[Source "ChessBase"]
[SourceQuality "1"]
[TimeControl "40/5400+30:1800+30"]

1. c4 e5 2. Nc3 Nf6 3. g3 d5 4. cxd5 Nxd5 5. Bg2 Nb6 6. d3 Be7 7. Nf3 Nc6 8. O-O O-O 9. Nd2 Be6 10. b3 Qd7 11. Nc4 Rad8 12. Bb2 Bh3 13. Nxb6 axb6 14. Nd5 Bc5 15. Bxh3 Qxh3 16. Nxc7 Rd6 17. Bc1 Nd4 18. a4 Rfd8 19. Be3 Nf5 20. Qd2 Rg6 21. Bxc5 Rh6 22. Qxh6 Nxh6 0-1

[Event "32nd GER-ch Seniors-65 2020"]
[Site "Magdeburg"]
[Date "2020.08.22"]
[Round "9.6"]
[White "Waltenberger, Udo"]
[Black "Postler, Reinhard"]
[Result "0-1"]
[ECO "B40"]
[WhiteElo "2005"]
[BlackElo "2238"]
[Annotator "RC"]
[PlyCount "52"]
[EventDate "2020.08.14"]
[EventType "swiss"]
[EventCountry "GER"]
[SourceTitle "playchess.com"]
[Source "ChessBase"]
[SourceQuality "1"]
[TimeControl "40/5400+30:1800+30"]

1. e4 c5 2. Nf3 e6 3. c3 Nf6 4. e5 Nd5 5. d4 cxd4 6. Qxd4 Nc6 7. Qe4 d6 8. Nbd2 dxe5 9. Nxe5 Qc7 10. Ndf3 Bd6 11. Nc4 Be7 12. Bd3 b6 13. Nce5 Bb7 14. Bb5 Bd6 15. Nxc6 Bxc6 16. Nd4 Bd7 17. Nxe6 fxe6 18. Qxe6+ Ne7 19. Qe4 Bc6 20. Bxc6+ Qxc6 21. Qg4 O-O 22. Bg5 Nf5 23. O-O-O Rac8 24. Rhe1 b5 25. Rd3 g6 26. Re6 Bf4+ 0-1

[Event "32nd GER-ch Seniors-65 2020"]
[Site "Magdeburg"]
[Date "2020.08.22"]
[Round "9.8"]
[White "Knaak, Joachim"]
[Black "Zimmermann, Rolf"]
[Result "1/2-1/2"]
[ECO "A51"]
[WhiteElo "2144"]
[BlackElo "2101"]
[Annotator "ChessBase"]
[PlyCount "24"]
[EventDate "2020.08.14"]
[EventType "swiss"]
[EventCountry "GER"]
[SourceTitle "playchess.com"]
[Source "ChessBase"]
[SourceQuality "1"]
[TimeControl "40/5400+30:1800+30"]

1. d4 Nf6 2. c4 e5 3. dxe5 Ne4 4. a3 a5 5. Nf3 a4 6. Nbd2 Nc5 7. e3 Nc6 8. Be2 g6 9. b4 axb3 10. Nxb3 Nxb3 11. Qxb3 Bg7 12. Bb2 O-O 1/2-1/2